 Dungeon Crawl Stone Soup version 0.31-a0-358-gac0dbeb3ab (webtiles) character file.

Game seed: 5889374807823783760

31 MacCMillion the Changeling (level 3, -1/27 HPs)
             Began as a Merfolk Shapeshifter on July 26, 2023.
             Slain by a gnoll
             ... wielding a +0 halberd
              (5 damage)
             ... on level 2 of the Dungeon.
             The game lasted 00:01:47 (1116 turns).

MacCMillion the Changeling (Merfolk Shapeshifter)   Turns: 1116, Time: 00:01:48

Health: -1/27      AC:  5    Str: 17    XL:     3   Next: 22%
Magic:  3/3        EV: 11    Int:  7    God:
Gold:   87         SH:  0    Dex: 14    Spells: 2/2 levels left

rFire   . .          .
                       - Unarmed
rCold   . . .        (no shield)
rNeg    . . .        d - +0 ring mail
rPois   .            (helmet currently unavailable)
rElec   .            (cloak currently unavailable)
rCorr   .            (gloves currently unavailable)
SInv    .            (boots currently unavailable)
Will    .....        (no amulet)
Stlth   +            (no ring)
HPRegen 0.24/turn    (no ring)
MPRegen 0.08/turn

%: no passive effects
@: beast-form
A: beast (slay +3), (nimble swimmer 2), mertail
a: Begin Untransformation


You were on level 2 of the Dungeon.
You were a hulking beast.
You visited 1 branch of the dungeon, and saw 2 of its levels.

You collected 87 gold pieces.

Inventory:

Armour
 a - a +0 animal skin
 d - a +0 ring mail (worn)
Jewellery
 h - a +6 ring of strength
 k - a ring of poison resistance
 l - a ring of fire
Talismans
 c - a beast talisman
Scrolls
 e - 2 scrolls of poison {unknown}
 g - 3 scrolls of teleportation {unknown}
 i - a scroll of amnesia {unknown}
 n - a scroll of revelation {unknown}
Potions
 b - a potion of lignification
 f - a potion of enlightenment {unknown}
 j - a potion of resistance {unknown}
 m - a potion of ambrosia {unknown}
 o - a potion of curing {unknown}


   Skills:
 + Level 2.2 Fighting
 - Level 2.6 Dodging
 + Level 3.9 Unarmed Combat
 - Level 4.3 Shapeshifting


You had 2 spell levels left.
You didn't know any spells.
Your spell library contained the following spells:

 Spells                   Type           Power      Damage    Failure   Level
 Portal Projectile        Hex/Tloc       0%         N/A       95%         3
 Summon Guardian Golem    Hex/Summ       0%         N/A       95%         3
 Tukima's Dance           Hex            0%         N/A       95%         3
 Iskenderun's Mystic Bla  Conj/Tloc      0%         2d3       100%        4
 Orb of Destruction       Conj           0%         9d5       100%        7
 Spellforged Servitor     Conj/Summ      0%         N/A       100%        7


Dungeon Overview and Level Annotations

Branches:
Dungeon (2/15)

Altars:


Innate Abilities, Weirdness & Mutations

You are a hulking beast.
Your limbs bulge with bestial killing power. (Slay +3)
((You are very nimble when in or above water. (Stealth+, EV+, Speed+++)))
Your lower body shifts to a powerful aquatic tail in water.


Message History

The bat barely misses you.
The kobold throws a stone.
The stone closely misses you. The bat closely misses you.
The bat barely misses you. The kobold attacks as you move away!
The kobold hits you with a +0 club. The bat attacks as you move away!
The bat completely misses you. The bat barely misses you.
The bat closely misses you. The bat hits you. The bat barely misses you.
The kobold attacks as you move away! The kobold hits you with a +0 club.
The bat closely misses you. The bat hits you but does no damage.
The kobold attacks as you move away! The kobold hits you but does no damage.
The kobold attacks as you move away! The kobold hits you but does no damage.
The kobold attacks as you move away! The kobold hits you with a +0 club.
The kobold attacks as you move away! The kobold barely misses you.
There is a stone staircase leading up here.
You punch the kobold!
You kill the kobold!
The kobold misses you.
You climb upwards.
There is a stone staircase leading down here.
You hit the kobold.
You kill the kobold!
No target in view!
No target in view!
You start resting.
HP restored.
You climb downwards.
There is a stone staircase leading up here.
The gnoll hits you with a +0 halberd!
You closely miss the gnoll. The gnoll hits you with a +0 halberd.
You punch the gnoll!
The gnoll is severely wounded.
The gnoll hits you with a +0 halberd!
* * * LOW HITPOINT WARNING * * *
You hit the gnoll.
The gnoll is severely wounded.
The gnoll hits you with a +0 halberd.
You die...

#.#.#.#
#.#.#.#
#.#.#.#
#.#.#.########
#.#..........#
#.#..........#
#............#
####....g....#
.........h...#
####.....)<..#
#.........#
###########


You could see a gnoll.

Vanquished Creatures
  2 dart slugs (D:1)
  2 endoplasms (D:1)
  4 giant cockroaches
  5 goblins
  A hobgoblin (D:1)
  A quokka (D:2)
  A ball python (D:1)
  2 frilled lizards (D:1)
  3 kobolds
  5 rats
26 creatures vanquished.

Notes
Turn   | Place    | Note
-------+----------+-------------------------------------------
     0 | D:1      | MacCMillion the Merfolk Shapeshifter began the quest for
                  | the Orb.
     0 | D:1      | Reached XP level 1. HP: 15/15 MP: 1/1
    27 | D:1      | You fall into a shaft and drop 1 floor!
   222 | D:1      | Reached XP level 2. HP: 21/21 MP: 2/2
   641 | D:1      | Reached XP level 3. HP: 27/27 MP: 3/3
  1116 | D:2      | Slain by a gnoll

Illustrated notes

Levels and vault maps discovered:
D:1:      dpeg_arrival_houses_and_road, layout_basic, serial_corexii_hall,
          chequers_hall_statues_wall_a, corexii_hall_statues_l,
          minmay_pentomino_v4
D:2:      layout_basic, basic_altar, serial_forest,
          infiniplex_forest_lined_ring, infiniplex_forest_clump_cross,
          infiniplex_forest_lined_room_3, infiniplex_forest_pool,
          chequers_decorated_corner, minmay_statues_item, minmay_split_cup_large

Skill      XL: |  1  2 |
---------------+-------+-----
Fighting       | 2 |  2.2
Dodging        | |  2.6
Unarmed Combat | |  3.9
Shapeshifting  | |  4.3

Action                     || total
---------------------------++-------
  Melee: Unarmed           ||    53
 Armour: Ring mail         ||    20
  Dodge: Dodged            ||    34

Table legend: (Time is in decaauts)
 A = Elapsed time spent in this place.
 B = Non-inter-level travel time spent in this place.
 C = Inter-level travel time spent in this place.
 D = Time resting spent in this place.
 E = Time spent auto-exploring this place.
 F = Levels seen in this place.
 G = Mean time per level.
                   A        B        C        D        E       F      G
               +--------+--------+--------+--------+--------+-----+--------+
         Total |   1113 |   1078 |     35 |     11 |    849 |   2 |  556.5 |
       Dungeon |   1113 |   1078 |     35 |     11 |    849 |   2 |  556.5 |
               +--------+--------+--------+--------+--------+-----+--------+

Top non-repeatable levels by time:
     D:1: 858 daAuts
     D:2: 255 daAuts
